 Dungeon Crawl Stone Soup version 0.30-a0-630-g881e3bac89 (webtiles) character file.

Game seed: 18310198297408380991

3841 M4edhros the Covert (level 10, -2/66 HPs)
             Began as an Octopode Artificer on Jan 12, 2023.
             Was an Elder of Zin.
             Slain by a gnoll sergeant
             ... wielding a +0 trident
              (15 damage)
             ... on level 9 of the Dungeon on Jan 13, 2023.
             The game lasted 00:15:04 (5114 turns).

M4edhros the Covert (Octopode Artificer)            Turns: 5114, Time: 00:15:05

Health: -2/66      AC:  1    Str: 12    XL:     10   Next: 18%
Magic:  14/14      EV: 16    Int: 13    God:    Zin [****..]
Gold:   417        SH:  5    Dex: 17    Spells: 8/9 levels left

rFire   . . .      SeeInvis +    o - +2 scimitar (elec)
rCold   . . .      Faith    .    (no shield)
rNeg    . . .      Spirit   .    (helmet restricted)
rPois   .          Reflect  +    n - amulet of reflection
rElec   .          Harm     .    q - ring of see invisible
rCorr   .          Rampage  .    y - ring of see invisible
Will    +....                    B - ring of willpower
Stlth   ++++++                   (no ring)
HPRegen 0.31/turn                (no ring)
MPRegen 0.14/turn                (no ring)
                                 (no ring)
                                 (no ring)

@: studying Conjurations
A: almost no armour, amphibious, 8 rings, camouflage 1, gelatinous body 1,
(nimble swimmer 1), tentacles
a: Renounce Religion, Recite, Vitalisation, Imprison, Donate Gold


You were on level 9 of the Dungeon.
You worshipped Zin.
Zin was greatly pleased with you.
You visited 2 branches of the dungeon, and saw 10 of its levels.
You also visited: Sewer.

You collected 463 gold pieces.
You donated 46 gold pieces to Zin.

Inventory:

Hand Weapons
 j - the +6 short sword "Tin Tys" {venom, Will+ Str+3}
   (You found it on level 5 of the Dungeon)

   Str:       It affects your strength (+3).
   Will:      It increases your willpower.
 o - a +2 scimitar of electrocution (weapon)
 p - a +0 trident of protection
Missiles
 g - 2 javelins
 i - 3 atropa-tipped darts
 s - a throwing net
 w - 12 poisoned darts
 A - 4 datura-tipped darts
Jewellery
 n - an amulet of reflection (around mantle)
 q - a ring of see invisible (left tentacle)
 y - a ring of see invisible (right tentacle)
 B - a ring of willpower (on tentacle)
Wands
 b - a wand of flame (14) (quivered)
 c - a wand of charming (6)
 d - a wand of iceblast (3)
 k - a wand of paralysis (5)
 m - a wand of roots (27)
Scrolls
 a - 3 scrolls of vulnerability
 f - 3 scrolls of amnesia
 r - a scroll of blinking
 t - 2 scrolls of identify
 x - a scroll of magic mapping
 G - a scroll of noise {unknown}
Potions
 e - 4 potions of might
 h - a potion of flight
 l - 2 potions of brilliance
 u - a potion of heal wounds {unknown}
 v - a potion of magic {unknown}
 z - a potion of cancellation {unknown}
 C - 2 potions of attraction
 D - a potion of resistance
 E - a potion of haste
 F - 2 potions of mutation {unknown}


   Skills:
 + Level 5.2 Fighting
 - Level 2.1(4.6) Short Blades
 * Level 6.5(6.7) Long Blades
 + Level 5.6 Dodging
 * Level 10.4 Stealth
 - Level 2.1 Unarmed Combat
 * Level 5.7 Invocations
 - Level 5.0 Evocations


You had 8 spell levels left.
You knew the following spells:

 Your Spells              Type           Power      Damage    Failure   Level
a - Beastly Appendage     Tmut           0%         N/A       30%         1

Your spell library contained the following spells:

 Spells                   Type           Power      Damage    Failure   Level
 Slow                     Hex            0%         N/A       30%         1
 Wereblood                Tmut           0%         N/A       43%         2
 Confusing Touch          Hex            0%         N/A       67%         3
 Spider Form              Tmut/Pois      0%         N/A       67%         3
 Vampiric Draining        Necr           0%         2d6       67%         3
 Leda's Liquefaction      Hex/Erth       0%         N/A       97%         4
 Lee's Rapid Deconstruct  Erth           0%         3d4*      100%        5
 Statue Form              Tmut/Erth      0%         N/A       100%        6


Dungeon Overview and Level Annotations

Branches:
Dungeon (8/15)             Temple (1/1) D:6           Sewer (visited)
   Lair: D:8-11

Altars:
Ashenzari
Dithmenos
Elyvilon
Fedhas
Gozag
Hepliaklqana
Kikubaaqudgha
Makhleb
Nemelex Xobeh
Okawaru
Qazlal
Ru
Sif Muna
Trog
Uskayaw
Vehumet
Wu Jian
Xom
Yredelemnul
Zin
The Shining One

Annotations:
D:6 exclusion: statue


Innate Abilities, Weirdness & Mutations

You cannot wear most types of armour.
You are amphibious.
You can wear up to eight rings at the same time.
Your skin changes colour to match your surroundings (Stealth+).
Your rubbery body absorbs attacks. (AC +1, EV +1)
((You are camouflaged when in or above water. (Stealth+)))
You have tentacles for arms and can constrict up to eight enemies at once.


Message History

The orc hits you with a +0 club.
* * * LOW HITPOINT WARNING * * *
You block the orc's attack.
Aiming: Iceblast
Press: ? - help, Shift-Dir - straight line, f - orc
Aim: an orc, wielding a +0 trident of protection and wearing a +0 leather armour The mass of ice explodes!
The iceblast engulfs the orc!
You kill the orc!
The iceblast engulfs the orc!!
You kill the orc!
Things that are here:
a +0 club; a +0 chain mail A gnoll sergeant comes into view.
It is wielding a +0 trident.
Things that are here:
a +0 trident of protection; a +0 leather armour; an orc corpse
p - a +0 trident of protection
Things that are here:
a +0 club; a +0 chain mail
Things that are here:
+0 steam dragon scales; a steam dragon corpse
Aiming: Fastroot
Press: ? - help, Shift-Dir - straight line, f - gnoll sergeant
Aim: a gnoll sergeant, wielding a +0 trident and wearing a +0 ring mail The roots erupt in riotous growth!
Roots grab the gnoll sergeant.
The grasping roots constrict the gnoll sergeant.
The gnoll sergeant struggles to escape constriction.
The grasping roots constrict the gnoll sergeant!
The roots release their grip on the gnoll sergeant.
The gnoll sergeant hits you with a +0 trident!
* * * LOW HITPOINT WARNING * * *
A gnoll comes into view. It is wielding a +0 flail.
You see here a +0 robe.
You barely miss the gnoll sergeant.
The gnoll shouts!
You grab the gnoll sergeant.
The gnoll sergeant is heavily wounded.
You constrict the gnoll sergeant, but do no damage.
The gnoll sergeant hits you with a +0 trident!
You die...

#....................
###..$.....g##........
##.#....#...)#.........
##......................
#........#..............
#......................
###.............#....
###...g......###.... ..
##.....@............#...
#....#..............#...
#..................... #
####................. .#
#..............#.# .
#.......#........# .##
###.##.###.......##...
#######....##.......
#..###.###.....


You could see a gnoll sergeant and a gnoll.

Vanquished Creatures
  Psyche (D:9)
  A troll (D:9)
  2 shadows
  A steam dragon (D:9)
  Menkaure (D:6)
  3 water moccasins (D:5)
  2 ice beasts
  2 orc warriors
  An ogre (D:5)
  2 centaurs (D:8)
  2 bullfrogs (Sewer)
  3 necrophages
  2 scorpions
  3 wights (D:7)
  2 killer bees (D:8)
  3 howler monkeys
  3 hounds
  3 jellies
  7 orc priests
  A gnoll bouda (D:6)
  4 iguanas
  Natasha (D:2)
  4 orc wizards
  Terence (D:3)
  4 gnolls (D:6)
  12 adders
  A white imp (D:7)
  2 worms
  35 orcs
  14 ball pythons
  16 endoplasms
  10 giant cockroaches
  6 goblins
  6 hobgoblins
  2 jackals (D:5)
  4 kobolds
  6 quokkas
  6 bats
  11 frilled lizards
  6 rats
196 creatures vanquished.

Vanquished Creatures (collateral kills)
  2 killer bees (D:8)
  A hobgoblin (D:2)
  3 jackals (D:2)
  2 ball pythons (D:2)
  A rat (D:2)
9 creatures vanquished.

Vanquished Creatures (others)
  A killer bee (D:8)
  3 orcs
4 creatures vanquished.

Grand Total: 209 creatures vanquished

Notes
Turn   | Place    | Note
-------+----------+-------------------------------------------
     0 | D:1      | M4edhros the Octopode Artificer began the quest for the
                  | Orb.
     0 | D:1      | Reached XP level 1. HP: 13/13 MP: 1/1
   125 | D:1      | Reached XP level 2. HP: 18/18 MP: 2/2
   161 | D:2      | Learned a level 1 spell: Beastly Appendage
   179 | D:2      | Upgraded the game from 0.30-a0-627-gc11e7ae810 to
                  | 0.30-a0-630-g881e3bac89
   185 | D:2      | Reached skill level 1 in Unarmed Combat
   221 | D:4      | Reached skill level 2 in Stealth
   221 | D:4      | Reached XP level 3. HP: 23/23 MP: 3/3
   228 | D:5      | Entered Level 5 of the Dungeon
   267 | D:5      | Reached XP level 4. HP: 15/29 MP: 4/4
   281 | D:5      | Identified the +6 short sword "Tin Tys" {venom, Will+
                  | Str+3}
   308 | D:5      | Reached skill level 3 in Stealth
   326 | D:5      | Reached XP level 5. HP: 23/34 MP: 5/5
   373 | D:6      | Reached skill level 1 in Short Blades
   441 | D:6      | Found a glowing drain.
   449 | D:6      | Noticed an orc warrior
   459 | D:6      | Killed an orc warrior
   460 | D:6      | Reached skill level 4 in Stealth
   460 | D:6      | Reached XP level 6. HP: 32/40 MP: 6/6
   511 | D:6      | Noticed Menkaure
   513 | D:6      | Found a staircase to the Ecumenical Temple.
   520 | D:6      | Killed Menkaure
   521 | D:6      | Reached skill level 1 in Long Blades
   527 | Temple   | Entered the Ecumenical Temple
   564 | Temple   | Became a worshipper of Zin the Law-Giver
   662 | Sewer    | Entered a sewer
   683 | Sewer    | Reached XP level 7. HP: 45/45 MP: 7/7
   717 | Sewer    | Reached skill level 5 in Stealth
  1001 | D:6      | Found a radiant altar of Vehumet.
  1122 | D:6      | Reached skill level 6 in Stealth
  1182 | D:5      | Reached * piety under Zin
  1239 | D:5      | Reached XP level 8. HP: 43/52 MP: 8/8
  1259 | D:5      | Found a white marble altar of Elyvilon.
  1320 | D:5      | Reached skill level 5 in Evocations
  1372 | D:5      | Reached skill level 7 in Stealth
  1482 | D:5      | Reached skill level 1 in Invocations
  1572 | D:5      | Reached ** piety under Zin
  1680 | D:4      | Found an opulent altar of Gozag.
  1714 | D:4      | Found an ornate altar of the Wu Jian Council.
  1996 | D:3      | Reached *** piety under Zin
  2532 | D:1      | Found a faded altar of an unknown god.
  2694 | D:2      | Noticed Natasha
  2703 | D:2      | Killed Natasha
  2859 | D:3      | Noticed Terence
  2866 | D:3      | Killed Terence
  3264 | D:6      | Reached skill level 8 in Stealth
  3365 | D:7      | Reached XP level 9. HP: 58/58 MP: 11/11
  3489 | D:7      | Reached **** piety under Zin
  3508 | D:7      | Reached skill level 5 in Long Blades
  3758 | D:7      | Reached skill level 5 in Dodging
  3758 | D:7      | Reached skill level 9 in Stealth
  3871 | D:7      | Identified the +7 flail of the Neverending Things {freeze,
                  | rPois rF+ Str+3 SInv}
  4598 | D:8      | HP: 1/60 [centaur/arrow (6)]
  4883 | D:8      | Found a stormy altar of Qazlal.
  4975 | D:8      | Reached skill level 5 in Invocations
  5021 | D:8      | You fall into a shaft and drop 1 floor!
  5052 | D:9      | Noticed Psyche
  5064 | D:9      | Killed Psyche
  5065 | D:9      | Reached skill level 5 in Fighting
  5065 | D:9      | Reached skill level 10 in Stealth
  5065 | D:9      | Reached XP level 10. HP: 44/66 MP: 12/14
  5114 | D:9      | Slain by a gnoll sergeant

Illustrated notes

Levels and vault maps discovered:
D:1:      dpeg_cavernosity, layout_loops_ring,
          ebering_ecumenical_altar_abandoned, minmay_pentomino_q2
D:2:      layout_loops_ring, serial_rivers, chequers_serial_rivers_micro_e,
          chequers_serial_rivers_small_3, chequers_serial_rivers_micro_b,
          chequers_serial_rivers_micro_b, moated_statue,
          kennysheep_generic_room_5, uniq_natasha
D:3:      layout_basic, uniq_terence
D:4:      layout_layer_cave, nzn_wu_jian_contemplation,
          nicolae_gozag_cash_rules_everything_around_me
D:5:      layout_loops_ring, lemuel_coloured_pillars_altar,
          corexii_item_surrounded_by_moat, grunt_tough_drop
D:6:      layout_basic, vehumet_statue, minmay_temple_entry_crystal_x,
          portal_sewer_entry_f, uniq_pikel, uniq_menkaure
D:7:      layout_loops_ring
D:8:      layout_loops_corners, kennysheep_mini, nzn_random_ring
D:9:      layout_cave_pools, lemuel_round_altar, orc_0_dummy, uniq_psyche,
          uniq_joseph
Temple:   nicolae_temple_bog_church

Skill      XL: |  1  2  3  4  5  6  7  8  9 |
---------------+----------------------------+-----
Unarmed Combat | 1 2 |  2.1
Stealth        | 2 3 4 6 8 10 | 10.4
Dodging        | 3 4 5 |  5.6
Fighting       | 2 3 4 5 |  5.2
Short Blades   | 2 |  2.1
Evocations     | 4 5 |  5.0
Long Blades    | 1 2 4 6 |  6.5
Invocations    | 2 5 |  5.7

Action                   |  1- 3 |  4- 6 |  7- 9 | 10-12 || total
-------------------------+-------+-------+-------+-------++-------
Melee: Unarmed           |    25 |       |       |       ||    25
       Constrict         |    10 |     6 |    58 |     2 ||    76
       Tentacles         |     6 |     7 |    42 |     2 ||    57
       Punch             |     1 |     1 |     7 |       ||     9
       Short sword       |       |    30 |   219 |       ||   249
       Scimitar          |       |       |    60 |     7 ||    67
Evoke: Wand              |     4 |     4 |    17 |     7 ||    32
  Use: Scroll            |       |     4 |     6 |       ||    10
       Potion            |       |       |     8 |       ||     8
 Stab: Sleeping          |     3 |     4 |    45 |       ||    52
       Distracted        |       |       |     1 |       ||     1
       Paralysed         |       |       |       |     2 ||     2
Armor: Skin              |     1 |     4 |     2 |       ||     7
Dodge: Dodged            |    14 |    12 |   125 |     1 ||   152
Block: Other             |       |       |    36 |     3 ||    39
       Reflection        |       |       |     2 |       ||     2

Table legend: (Time is in decaauts)
 A = Elapsed time spent in this place.
 B = Non-inter-level travel time spent in this place.
 C = Inter-level travel time spent in this place.
 D = Time resting spent in this place.
 E = Time spent auto-exploring this place.
 F = Levels seen in this place.
 G = Mean time per level.
                   A        B        C        D        E       F      G
               +--------+--------+--------+--------+--------+-----+--------+
         Total |   5062 |   4635 |    427 |      0 |   2004 |  11 |  460.2 |
       Dungeon |   4717 |   4311 |    406 |      0 |   2004 |   9 |  524.1 |
        Temple |    108 |     87 |     21 |      0 |      0 |   1 |  108.0 |
         Sewer |    235 |    235 |      0 |      0 |      0 |   1 |  235.0 |
               +--------+--------+--------+--------+--------+-----+--------+

Top non-repeatable levels by time:
     D:7: 841 daAuts
     D:8: 802 daAuts
     D:6: 769 daAuts
     D:5: 594 daAuts
     D:2: 463 daAuts
     D:3: 395 daAuts
     D:4: 391 daAuts
     D:1: 364 daAuts
   Sewer: 235 daAuts
  Temple: 108 daAuts
     D:9: 93 daAuts
